 Dungeon Crawl Stone Soup version 0.29.1-12-g30fa7ad0bf (webtiles) character file.

Game seed: 16613078362294464666

68 MacCMillion the Digger (level 4, 0/24 HPs)
             Began as a Gargoyle Earth Elementalist on Jan 6, 2023.
             Constricted to death by a ball python (1 damage)
             ... while paralysed by Grinder
             ... on level 3 of the Dungeon.
             The game lasted 00:05:11 (1570 turns).

MacCMillion the Digger (GrEE)                       Turns: 1570, Time: 00:05:12

Health: 0/24       AC:  5    Str: 12    XL:     4   Next: 19%
Magic:  7/7        EV: -1    Int: 17    God:
Gold:   131        SH:  0    Dex: 10    Spells: 6/7 levels left

rFire   . . .      SeeInvis .   k - +0 sling
rCold   . . .      Faith    .   (no shield)
rNeg    + . .      Spirit   .   a - +0 robe
rPois   ∞          Reflect  .   (no helmet)
rElec   +          Harm     .   (no cloak)
rCorr   .          Rampage  .   (no gloves)
Will    .....                   (no boots)
Stlth   ++........              (no amulet)
HPRegen 0.08/turn               h - ring of wizardry
MPRegen 0.10/turn               (no ring)

@: paralysed, constricted
A: sickness immunity, AC +3, negative energy resistance 1, electricity
resistance, torment resistance 1, petrification resistance
a: no special abilities


You were on level 3 of the Dungeon.
You visited 1 branch of the dungeon, and saw 3 of its levels.

You collected 131 gold pieces.

Inventory:

Hand Weapons
 c - a +0 hand axe
 j - a +0 dagger
 k - a +0 sling (weapon)
Armour
 a - a +0 robe (worn)
Jewellery
 h - a ring of wizardry (left hand)
Scrolls
 d - a scroll of identify
 e - a scroll of blinking {unknown}
 f - 2 scrolls of poison {unknown}
 l - a scroll of noise
 m - a scroll of enchant armour {unknown}
 p - a scroll of fog {unknown}
Potions
 b - a potion of magic
 g - 3 potions of flight {unknown}
 i - a potion of ambrosia {unknown}
 n - a potion of cancellation {unknown}
 o - a potion of heal wounds {unknown}


   Skills:
 - Level 1.5 Dodging
 - Level 2.1 Stealth
 - Level 2.0 Spellcasting
 - Level 1.0 Transmutations
 + Level 5.9 Earth Magic


You had 6 spell levels left.
You knew the following spells:

 Your Spells              Type           Power      Damage    Failure   Level
a - Sandblast             Erth           42%        2d11      1%          1

Your spell library contained the following spells:

 Spells                   Type           Power      Damage    Failure   Level
 Passwall                 Tmut/Erth      10%        N/A       2%          2
 Stone Arrow              Conj/Erth      22%        3d8       7%          3
 Foxfire                  Conj/Fire      4%         2x1d4     8%          1
 Petrify                  Tmut/Erth      13%        N/A       19%         4
 Conjure Flame            Conj/Fire      1%         6-21      22%         3
 Inner Flame              Hex/Fire       1%         N/A       22%         3
 Flame Wave               Conj/Fire      1%         2d4       56%         4


Dungeon Overview and Level Annotations

Branches:
Dungeon (3/15)

Altars:

Annotations:
D:3 Grinder, Ijyb


Innate Abilities, Weirdness & Mutations

You are immune to sickness and miasma.
Your stone body is resilient. (AC +3)
You are immune to poison.
You resist negative energy. (rN+)
You are resistant to electric shocks. (rElec)
You are resistant to unholy torment.
You are immune to petrification.


Message History

Grinder says, "Tell me all your secrets, or I'll kill you."
Unknown command.
Unknown command.
The ball python's grasp on you weakens, but your attempt to escape fails.
The adder bites you but does no damage. The ball python bites you.
The ball python constricts you.
The ball python bites you but does no damage.
Grinder barely misses you. The ball python bites you.
The ball python constricts you. The adder bites you but does no damage.
Unknown command.
Unknown command.
You escape the ball python's grasp.
Grinder attacks as you move away! Grinder hits you. The ball python bites you.
The ball python barely misses you.
Ijyb the Twisted Goblin comes into view.
She is wielding a +0 club and carrying a wand of polymorph (13).
The adder completely misses you. The ball python bites you.
The ball python misses you.
You are too injured to fight recklessly!
As you read the scroll labelled UMITHE YKYASCH, it crumbles to dust.
It is a scroll of identify.
l - a scroll of noise Grinder gestures at you.
You suddenly lose the ability to move!
The adder bites you but does no damage.
The ball python bites you but does no damage.
The ball python grabs you. The ball python constricts you. The adder bites you.
Grinder gestures at you. You resist with significant effort.
The ball python bites you. The ball python constricts you.
The ball python bites you.
* * * LOW HITPOINT WARNING * * *
The adder bites you but does no damage. Grinder hits you.
* * * LOW HITPOINT WARNING * * *
The ball python bites you.
* * * LOW HITPOINT WARNING * * *
The ball python constricts you.
The ball python bites you but does no damage.
The adder bites you but does no damage. The ball python bites you.
* * * LOW HITPOINT WARNING * * *
The ball python constricts you.
You die...

..###....
........> .
.?...... .?
..#...##
...##.)⌠..##
.......g...#
.....⌠.....#
.......S5..#
#....⌠.@S..#
#....)..S..#
....#..⌠..## #.
##.......## ...
#.......# .#.#
.........##.
......#.#........
#
#..#..##........#.
..### .###.##
.............
......####


You could see Grinder, Ijyb, an adder and 2 ball pythons.

Vanquished Creatures
  2 adders (D:2)
  2 dart slugs (D:2)
  5 endoplasms
  2 giant cockroaches
  2 goblins
  6 hobgoblins
  4 kobolds
  3 quokkas
  3 ball pythons
  4 bats (D:1)
  6 frilled lizards
  4 rats
43 creatures vanquished.

Notes
Turn   | Place    | Note
-------+----------+-------------------------------------------
     0 | D:1      | MacCMillion the Gargoyle Earth Elementalist began the quest
                  | for the Orb.
     0 | D:1      | Reached XP level 1. HP: 10/10 MP: 3/3
    44 | D:1      | Reached skill level 1 in Transmutations
   228 | D:1      | Reached skill level 4 in Earth Magic
   230 | D:1      | Reached XP level 2. HP: 15/15 MP: 5/5
   757 | D:1      | Reached XP level 3. HP: 19/19 MP: 3/6
   891 | D:2      | Reached skill level 5 in Earth Magic
  1192 | D:2      | Reached XP level 4. HP: 24/24 MP: 4/7
  1437 | D:3      | Noticed Grinder
  1566 | D:3      | Noticed Ijyb
  1567 | D:3      | Paralysed by Grinder for 4 turns
  1570 | D:3      | HP: 1/24 [ball python (1)]
  1570 | D:3      | Constricted to death by a ball python

Illustrated notes

Levels and vault maps discovered:
D:1:      minmay_arrival_semitransparent, layout_rooms
D:2:      layout_rooms
D:3:      layout_rooms, grunt_ministairs_9, uniq_ijyb, uniq_grinder, uniq_robin

Skill      XL: |  1  2  3 |
---------------+----------+-----
Transmutations | 1 |  1.0
Earth Magic    | 4 5 |  5.9
Dodging        | |  1.5
Stealth        | |  2.1
Spellcasting   | |  2.0

Action                   |  1- 3 |  4- 6 || total
-------------------------+-------+-------++-------
Melee: Unarmed           |     1 |       ||     1
 Fire: Sling             |    38 |     4 ||    42
 Cast: Sandblast         |    41 |     1 ||    42
  Use: Scroll            |       |     1 ||     1
Armor: Robe              |     6 |     9 ||    15
Dodge: Dodged            |    17 |     4 ||    21
